 Dungeon Crawl Stone Soup version 0.26-a0-652-gafc20e3620 (webtiles) character file.

Game seed: 6153979439747908508

13995 Roikka the Fighter (level 12, 0/120 HPs)
             Began as a Gargoyle Berserker on Oct 3, 2020.
             Was the Champion of Trog.
             Killed from afar by an ice statue (18 damage)
             ... with a bolt of cold
             ... in an ice cave.
             The game lasted 00:36:11 (13127 turns).

Roikka the Fighter (Gargoyle Berserker)            Turns: 13127, Time: 00:36:12

Health: 0/120      AC: 24    Str: 24    XL:     12   Next: 11%
Magic:  12/12      EV:  9    Int:  8    God:    Trog [******]
Gold:   655        SH:  0    Dex: 11    Spells: 11/11 levels left

rFire    + . .     SeeInvis +   P - +13 great mace "Qoahucra" {flame, Stlth+}
rCold    . . .     Faith    .   (shield currently unavailable)
rNeg     + . .     Spirit   .   K - +0 chain mail {rF+}
rPois    ∞         Reflect  .   F - +0 helmet
rElec    +         Harm     .   (no cloak)
rCorr    .         Rampage  .   d - +1 pair of gloves
MR       +....                  w - +0 pair of boots
Stlth    ..........             (no amulet)
HPRegen  0.30/turn              s - ring of protection from magic
MPRegen  0.13/turn              I - ring of see invisible

@: berserking (expiring), very quick
A: negative energy resistance 1, electricity resistance, unbreathing,
petrification resistance, rot immunity, AC +8
a: Berserk, Trog's Hand, Brothers in Arms, Renounce Religion


You were in an ice cave.
You worshipped Trog.
Trog was exalted by your worship.
You visited 2 branches of the dungeon, and saw 12 of its levels.
You also visited: Sewer and Ice Cave.

You collected 655 gold pieces.

Inventory:

Hand Weapons
 e - a +2 flail of protection
 x - a +1 whip of freezing
 B - the +10 hand axe "Asui" {vamp, rC++}
   (You found it on level 6 of the Dungeon)

   It inflicts no extra harm, but heals its wielder when it wounds a living foe.
   It greatly protects you from cold.
 G - a +2 morningstar
 N - a +1 broad axe
 P - the +13 great mace "Qoahucra" (weapon) {flame, Stlth+}
   (Trog gifted it to you in an ice cave)

   It has been specially enchanted to burn those struck by it, causing extra
   injury to most foes and up to half again as much damage against particularly
   susceptible opponents.
   It makes you more stealthy.
Armour
 d - a +1 pair of gloves (worn)
 l - a +1 leather armour
 w - a +0 pair of boots (worn)
 F - a +0 helmet (worn)
 K - a +0 chain mail of fire resistance (worn)
 L - a +2 buckler
Jewellery
 s - a ring of protection from magic (left hand)
 I - a ring of see invisible (right hand)
Wands
 a - a wand of flame (13)
 k - a wand of iceblast (33)
 C - a wand of paralysis (8)
 M - a wand of acid (7)
 O - a wand of random effects (17)
Scrolls
 b - 4 scrolls of enchant weapon
 m - 5 scrolls of remove curse
 p - 3 scrolls of blinking
 q - 11 scrolls of teleportation
 t - 4 scrolls of identify
 y - a scroll of fear
 A - 3 scrolls of enchant armour
 E - a scroll of magic mapping
 H - a scroll of silence
Potions
 c - 5 potions of flight
 f - 3 potions of haste {unknown}
 g - 3 potions of heal wounds {unknown}
 h - 2 potions of degeneration {unknown}
 i - a potion of resistance {unknown}
 j - 9 potions of curing
 n - 2 potions of might {unknown}
 o - 2 potions of cancellation {unknown}
 r - a potion of stabbing {unknown}
 u - 2 potions of magic {unknown}
 v - 3 potions of lignification {unknown}
 z - 2 potions of invisibility {unknown}
 D - 3 potions of mutation {unknown}
 J - a potion of brilliance {unknown}


   Skills:
 + Level 11.7 Fighting
 - Level 10.0(11.4) Axes
 * Level 10.2(12.0) Maces & Flails
 - Level 7.0 Armour
 - Level 1.5 Dodging
 - Level 4.0 Shields


You had 11 spell levels left.
You didn't know any spells.
Your spell library was empty.

Dungeon Overview and Level Annotations

Branches:
Dungeon (11/15)            Temple (0/1) D:4             Orc (1/2) D:9
  Sewer (visited)           IceCv (1/1)
   Lair: D:8-11

Altars:
Ashenzari
Fedhas
Gozag
Kikubaaqudgha
Nemelex Xobeh
Okawaru
Qazlal
Ru
Sif Muna
Trog
Uskayaw
Wu Jian
Xom
Beogh

Shops:
Orc:1 }

Annotations:
IceCv exclusion: ice statue


Innate Abilities, Weirdness & Mutations

You are resistant to torment.
Your stone body is resilient. (AC +8)
You are immune to poison.
You resist negative energy. (rN+)
You are resistant to electric shocks. (rElec)
You can survive without breathing.
You are immune to petrification.
You are immune to rotting.


Message History

The ice statue glitters chillingly in the dim dungeon light.
The ice statue gestures at you. The shard of ice hits you!!
* * * LOW HITPOINT WARNING * * *
A red film seems to cover your vision as you go berserk!
You feel yourself moving faster!
You feel mighty!
The ice statue gestures.
Okay, then.
You feel a strong urge to attack something.
The ice statue gestures at you. The shard of ice hits you.
* * * LOW HITPOINT WARNING * * *
You sock the ice statue!
You melt the ice statue.
The ice statue is lightly damaged.
The ice beast hits you but does no damage.
You sock the ice statue!
You melt the ice statue.
The ice statue is heavily damaged.
The ice statue gestures at you. The bolt of cold hits you!!
You die...

###### #####
##.##.###
....######..○°...##
.#....##...#○##...#
#####....#####....##
# ###.## #...@..# #
### #...Y8...# ###
#.........# ..####
#...####.... ...).#
#...# #...# .....#
##.. ..##
...#########. ##
..## ##...##
...###.....##


You could see an ice statue and an ice beast (summoned).

Vanquished Creatures
  Harold (Orc:1)
  A two-headed ogre (D:9)
  Nergalle (D:10)
  A cyclops (D:9)
  The ghost of Nr616 the Cleaver, a novice MiAK of Lugonu (D:5)
  2 rime drakes (D:11)
  10 freezing wraiths (IceCv)
  A troll (D:10)
  A wolf spider simulacrum (IceCv)
  5 hippogriffs
  4 yaks (D:10)
  2 black bears (D:7)
  3 orc warriors
  9 ice beasts
  6 sky beasts
  A necrophage (D:9)
  5 ogres
  3 phantoms
  4 centaurs
  9 big kobolds
  Blork the orc (D:5)
  10 bullfrogs
  A wyvern skeleton (D:10)
  A scorpion (D:10)
  An elephant simulacrum (IceCv)
  3 wights (D:7)
  3 vampire bats (D:4)
  A howler monkey (D:8)
  3 hounds
  A crimson imp (D:4)
  2 quasits
  3 bullfrog zombies
  3 orc priests
  2 centaur zombies (D:9)
  2 centaur skeletons
  10 orc wizards
  4 iguanas
  Ijyb (D:4)
  8 worker ants
  2 troll simulacra (IceCv)
  2 polar bear simulacra (IceCv)
  2 spriggan simulacra (IceCv)
  2 centaur simulacra (IceCv)
  A hound skeleton (D:4)
  3 worker ant zombies
  5 gnolls
  2 naga simulacra (IceCv)
  4 river rats (Sewer)
  9 adders
  An ogre simulacrum (IceCv)
  3 shadow imps
  21 white imps
  3 oozes
  4 ufetubi
  An adder zombie (D:5)
  6 worms
  A dart slug (D:3)
  6 leopard geckos
  45 orcs
  7 ball pythons
  11 giant cockroaches
  14 goblins
  6 hobgoblins
  22 jackals
  2 quokkas
  14 bats
  3 frilled lizards
  2 jackal skeletons
  18 kobolds
  2 quokka zombies
  7 rats
361 creatures vanquished.

Notes
Turn   | Place    | Note
-------+----------+-------------------------------------------
     0 | D:1      | Roikka the Gargoyle Berserker began the quest for the Orb.
     0 | D:1      | Reached XP level 1. HP: 14/14 MP: 1/1
    46 | D:1      | Reached XP level 2. HP: 2/19 MP: 2/2
   507 | D:1      | Reached skill level 4 in Fighting
   507 | D:1      | Reached XP level 3. HP: 9/24 MP: 3/3
  1525 | D:2      | Found an iron altar of Okawaru.
  1526 | D:2      | Reached ** piety under Trog
  1625 | D:2      | Reached XP level 4. HP: 30/30 MP: 4/4
  1693 | D:2      | Noticed a +0 dagger
  1694 | D:2      | Noticed a +0 hand axe
  1697 | D:2      | Found a hide-covered altar of Uskayaw.
  1815 | D:2      | Found a faded altar of an unknown god.
  2616 | D:3      | Found a sparkling altar of Nemelex Xobeh.
  2710 | D:3      | Found a glowing drain.
  2722 | Sewer    | Entered a sewer
  2769 | Sewer    | Noticed a big kobold
  2776 | Sewer    | Killed a big kobold
  2776 | Sewer    | Reached skill level 5 in Fighting
  2776 | Sewer    | Reached skill level 5 in Maces & Flails
  2776 | Sewer    | Reached XP level 5. HP: 35/35 MP: 5/5
  2823 | Sewer    | Noticed a big kobold
  2831 | Sewer    | Killed a big kobold
  2831 | Sewer    | Reached XP level 6. HP: 40/40 MP: 6/6
  2992 | Sewer    | Reached *** piety under Trog
  3289 | Sewer    | Reached XP level 7. HP: 12/45 MP: 7/7
  3884 | Sewer    | Reached skill level 6 in Fighting
  4389 | D:3      | Found a blossoming altar of Fedhas.
  4559 | D:3      | Found a stormy altar of Qazlal.
  5102 | D:3      | Found a bloodstained altar of Trog.
  5325 | D:4      | Found a staircase to the Ecumenical Temple.
  5420 | D:4      | Reached XP level 8. HP: 42/52 MP: 8/8
  5573 | D:4      | Reached **** piety under Trog
  5710 | D:4      | Found a sand-covered staircase.
  5772 | D:4      | Noticed Ijyb
  5783 | D:4      | Killed Ijyb
  6304 | D:4      | Reached skill level 7 in Fighting
  6597 | D:5      | Entered Level 5 of the Dungeon
  6607 | D:5      | Found a runed translucent gate.
  6607 | D:5      | Found a runed translucent gate.
  6608 | D:5      | Found a runed translucent gate.
  6609 | D:5      | Noticed Nr616's ghost (novice MiAK)
  6615 | D:5      | Identified the +5 dagger "Arbiter" {elec, *Contam +Fly
                  | rElec rF++}
  6621 | D:5      | Found a roughly hewn altar of Beogh.
  6644 | D:5      | Killed Nr616's ghost
  6865 | D:5      | Noticed Blork the orc
  6891 | D:5      | Reached XP level 9. HP: 59/59 MP: 9/9
  6899 | D:5      | Reached skill level 8 in Fighting
  7028 | D:5      | Killed Blork the orc
  7352 | D:5      | Reached ***** piety under Trog
  7383 | D:5      | Found an opulent altar of Gozag.
  7544 | D:5      | Reached skill level 10 in Maces & Flails
  7617 | D:5      | Found an ancient bone altar of Kikubaaqudgha.
  8063 | D:6      | Found a sacrificial altar of Ru.
  8065 | D:6      | Got a translucent hand axe
  8066 | D:6      | Identified the +10 hand axe "Asui" {vamp, rC++} (You found
                  | it on level 6 of the Dungeon)
  8102 | D:6      | Reached skill level 1 in Axes
  8107 | D:6      | Found a shimmering altar of Xom.
  8293 | D:6      | Found a sacrificial altar of Ru.
  8847 | D:7      | Reached skill level 9 in Fighting
  8965 | D:7      | Found a broken altar of Ashenzari.
  9423 | D:7      | Reached skill level 5 in Armour
  9444 | D:7      | Reached XP level 10. HP: 66/66 MP: 10/10
 10131 | D:8      | Reached skill level 5 in Axes
 10539 | D:9      | Found a shimmering blue altar of Sif Muna.
 10581 | D:9      | Found a staircase to the Orcish Mines.
 10602 | D:9      | Reached skill level 10 in Fighting
 10788 | D:9      | Noticed a two-headed ogre
 10799 | D:9      | Killed a two-headed ogre
 10799 | D:9      | Reached XP level 11. HP: 48/72 MP: 11/11
 10972 | D:9      | Noticed a cyclops
 10984 | D:9      | Killed a cyclops
 10984 | D:9      | Reached ****** piety under Trog
 11094 | Orc:1    | Entered Level 1 of the Orcish Mines
 11094 | Orc:1    | Found Hanwerr's Gadget Shoppe.
 11094 | Orc:1    | Noticed Harold
 11107 | Orc:1    | Killed Harold
 11221 | D:9      | Received a gift from Trog
 11291 | D:9      | Found an ornate altar of the Wu Jian Council.
 11318 | D:10     | Entered Level 10 of the Dungeon
 11545 | D:10     | Noticed Nergalle
 11576 | D:10     | Killed Nergalle
 11600 | D:10     | Found a broken altar of Ashenzari.
 11959 | D:11     | Found a frozen archway.
 11965 | D:11     | Reached skill level 11 in Fighting
 11971 | IceCv    | Entered an ice cave
 12770 | IceCv    | Reached XP level 12. HP: 71/80 MP: 12/12
 12833 | IceCv    | Found an ancient bone altar of Kikubaaqudgha.
 12867 | IceCv    | Reached skill level 10 in Axes
 13026 | IceCv    | Received a gift from Trog
 13027 | IceCv    | Got an ebony great mace {god gift}
 13043 | IceCv    | Identified the +13 great mace "Qoahucra" {flame, Stlth+}
                  | (Trog gifted it to you in an ice cave)
 13127 | IceCv    | Killed from afar by an ice statue

Illustrated notes

Levels and vault maps discovered:
D:1:      dpeg_arrival_tiny_a, layout_loops_cross
D:2:      layout_basic, dancing_weapons_uskayaw, okawaru_ov_weapons_minmay,
          chequers_ecumenical_altar_simple_redux
D:3:      layout_basic, lemuel_doored_altar, overflow_temple_1_default,
          lemuel_crystal_altar, grunt_qazlal_sundering,
          cheibrodos_sewer_entry_sluice, wad_orctagon
D:4:      layout_basic, minmay_temple_entry_grid,
          nicolae_ossuary_entry_false_entrances, corexii_hall_statues_x,
          grunt_ministairs_4, roderic_batcave, minmay_fire_ice_demons, uniq_ijyb
D:5:      layout_gridville, kennysheep_mini_moat,
          nicolae_gozag_cash_rules_everything_around_me,
          biasface_ghost_orc_armoury, uniq_blork_the_orc
D:6:      layout_basic, tgw_xom, nicolae_overflow_crystal_walls, basic_altar,
          minmay_misc_feat_room
D:7:      layout_basic, kennysheep_little_box
D:8:      layout_loops_corners, minmay_joined_circles
D:9:      layout_roguey, lemuel_coloured_pillars_altar, marbit_many_paths,
          orc_david_3
D:10:     wander_river, layout_long_grid, evilmike_ruin_ashenzari, uniq_nergalle
D:11:     layout_gridville, david_lair_generic, portal_ice_cave_rime
Orc:1:    layout_caves, serial_shops, nicolae_shop_waterfront, uniq_sonja,
          uniq_harold, uniq_erolcha
IceCv:    ice_cave_small_necro

Skill      XL: |  1  2  3  4  5  6  7  8  9 10 11 12 |
---------------+-------------------------------------+-----
Fighting       | 4 5 6 7 9 10 11 | 11.7
Maces & Flails | 4 5 6 7 9 10 | 10.2
Armour         | 5 7 |  7.0
Axes           | 3 6 9 10 | 10.0
Shields        | 2 4 |  4.0
Dodging        | |  1.5

Action                   |  1- 3 |  4- 6 |  7- 9 | 10-12 || total
-------------------------+-------+-------+-------+-------++-------
Melee: Mace              |   140 |   182 |   286 |       ||   608
       Flail             |       |       |   242 |       ||   242
       Hand axe          |       |       |    58 |   505 ||   563
       Morningstar       |       |       |     6 |       ||     6
       Great mace        |       |       |       |     3 ||     3
Invok: Berserk           |     2 |     1 |     4 |     8 ||    15
Evoke: Wand              |       |       |       |     1 ||     1
  Use: Scroll            |     5 |     5 |     6 |     2 ||    18
Armor: Animal skin       |    66 |       |       |       ||    66
       Leather armour    |    12 |    73 |   217 |    54 ||   356
       Chain mail        |       |       |   121 |   258 ||   379
Dodge: Dodged            |   110 |   113 |   289 |   201 ||   713
Block: Buckler           |       |       |       |    99 ||    99

Table legend: (Time is in decaauts)
 A = Elapsed time spent in this place.
 B = Non-inter-level travel time spent in this place.
 C = Inter-level travel time spent in this place.
 D = Time resting spent in this place.
 E = Time spent auto-exploring this place.
 F = Levels seen in this place.
 G = Mean time per level.
                   A        B        C        D        E       F      G
               +--------+--------+--------+--------+--------+-----+--------+
         Total |  13425 |  12880 |    545 |   2760 |   7296 |  14 |  958.9 |
       Dungeon |  10410 |   9865 |    545 |   1406 |   6299 |  11 |  946.4 |
  Orcish Mines |     31 |     31 |      0 |      0 |      0 |   1 |   31.0 |
         Sewer |   1809 |   1809 |      0 |    570 |    840 |   1 | 1809.0 |
      Ice Cave |   1174 |   1174 |      0 |    784 |    156 |   1 | 1174.0 |
               +--------+--------+--------+--------+--------+-----+--------+

Top non-repeatable levels by time:
   Sewer: 1809 daAuts
     D:1: 1437 daAuts
     D:4: 1289 daAuts
     D:2: 1239 daAuts
     D:3: 1233 daAuts
     D:5: 1189 daAuts
   IceCv: 1174 daAuts
     D:8: 914 daAuts
     D:9: 862 daAuts
     D:6: 818 daAuts
     D:7: 765 daAuts
    D:10: 637 daAuts
   Orc:1: 31 daAuts
    D:11: 22 daAuts
